 Dungeon Crawl Stone Soup version 0.31-a0-986-g5e6e4ef867 (webtiles) character file.

Game seed: 5327950856255724651

561891 Lobster4 the Merry Minotaur (level 25, -1/250 (255) HPs)
             Began as a Minotaur Hunter on Nov 16, 2023.
             Was the Champion of Fedhas.
             Slain by Parghit (17 damage)
             ... on level 1 of the Realm of Zot on Nov 18, 2023.
             The game lasted 04:25:00 (82451 turns).

Lobster4 the Merry Minotaur (Minotaur Hunter)      Turns: 82451, Time: 04:25:00

HP:   -1/250 (255)  AC: 44    Str: 21      XL:     25   Next: 37%
MP:   33/39         EV: 10    Int: 20 (21) God:    Fedhas [******]
Gold: 5880          SH:  5    Dex: 22 (23) Spells: 28/34 levels left

rFire   + . .        t - +7 arbalest "Wiatim" {heavy, rElec Int+2}
rCold   + . .        (shield currently unavailable)
rNeg    + . .        Y - +7 plate armour "Tepruo" {rF+ rC+ Str+4 Stlth+}
rPois   +            v - +2 hat
rElec   +            e - +2 cloak {rC+}
rCorr   +            O - +2 pair of gloves {hurl}
SInv    .            X - +1 pair of boots of Dixun {rPois MP+9 Int+3}
Will    +++..        D - amulet of reflection Stlth
                     m - ring "Werucw" {Will+++ Int+6}
HPRegen 0.61/turn    C - ring "Qoliyph" {rPois rN+ Will- rCorr Slay+5}
MPRegen 0.26/turn

%: reflection
@: constricted, studying 2 skills, lightly drained
A: horns 2, retaliatory headbutt, iridescent scales 1, clever 1, deterioration
2, poison resistance, cold vulnerability 1
}: 3/15 runes: barnacled, slimy, gossamer
a: Renounce Religion, Wall of Briars, Grow Ballistomycete, Overgrow, Grow Oklob


You were on level 1 of the Realm of Zot.
You worshipped Fedhas.
Fedhas was exalted by your worship.
You visited 12 branches of the dungeon, and saw 51 of its levels.
You visited 1 bazaar.
You also visited: Ossuary, Bailey, Gauntlet, Ice Cave and Wizlab.

You collected 8779 gold pieces.
You spent 2899 gold pieces at shops.

Inventory:

Hand Weapons
 a - a +9 longbow of flaming
 b - the +5 great sword of Yhaimam {spect, rN+ Str+2 Int+4 Stlth+}
   (You took it off a deep elf knight on level 3 of the Elven Halls)

   Str+2:     It affects your strength (+2).
   Int+4:     It affects your intelligence (+4).
   rN+:       It protects you from negative energy.
   Stlth+:    It makes you more stealthy.
 h - a +5 eudemon blade of holy wrath
 n - the +1 hand cannon "Figaqow" {flame, Fly Will+ MP+9}
   (You found it on level 3 of the Dungeon)

   Will+:     It increases your willpower.
   MP+9:      It affects your magic capacity (+9).
   Fly:       It grants you flight.
 p - the +1 arbalest "Ciosis" {penet, Int-3 Dex+4}
   (You took it off a centaur warrior on level 14 of the Dungeon)

   Int-3:     It affects your intelligence (-3).
   Dex+4:     It affects your dexterity (+4).
 s - the +10 morningstar "Eos" {elec, Halo rElec}
   (You found it on level 3 of the Spider Nest)

   Halo:      It grants its wielder a halo, revealing invisible creatures and
   increasing accuracy against all within it other than the wielder.
   rElec:     It insulates you from electricity.
 t - the +7 arbalest "Wiatim" (weapon) {heavy, rElec Int+2}
   (You found it in a bailey)

   Int+2:     It affects your intelligence (+2).
   rElec:     It insulates you from electricity.
 u - the +8 frozen axe "Frostbite" {freeze, freezing cloud, *Noise Fly rC+}
   (You took it off a deep elf demonologist on level 2 of the Depths)

   rC+:       It protects you from cold.
   Fly:       It grants you flight.
   *Noise:    It may make a loud noise when swung.
Armour
 e - a +2 cloak of cold resistance (worn)
 r - the +0 robe of the Cobbler {rPois rF- rN+++}
   (You found it on level 3 of the Vaults)

   rF-:       It makes you vulnerable to fire.
   rPois:     It protects you from poison rN+++: It renders you almost immune to
   negative energy.
 v - a +2 hat (worn)
 O - a +2 pair of gloves of hurling (worn)
 X - the +1 pair of boots of Dixun (worn) {rPois MP+9 Int+3}
   (You found it in a Gauntlet)

   Int+3:     It affects your intelligence (+3).
   rPois:     It protects you from poison MP+9: It affects your magic capacity
   (+9).
 Y - the +7 plate armour "Tepruo" (worn) {rF+ rC+ Str+4 Stlth+}
   (You found it on level 3 of the Elven Halls)

   Str+4:     It affects your strength (+4).
   rF+:       It protects you from fire.
   rC+:       It protects you from cold.
   Stlth+:    It makes you more stealthy.
Jewellery
 m - the ring "Werucw" (left hand) {Will+++ Int+6}
   (You took it off a deep elf master archer on level 3 of the Elven Halls)

   [ring of intelligence]

   Int+6:     It affects your intelligence (+6).
   Will+++:   It greatly increases your willpower.
 x - the ring of Kuocsito {rElec MP+9 Int+3}
   (You found it on level 3 of the Crypt)

   [ring of magical power]

   Int+3:     It affects your intelligence (+3).
   rElec:     It insulates you from electricity.
   MP+9:      It affects your magic capacity (+9).
 y - a ring of positive energy
 C - the ring "Qoliyph" (right hand) {rPois rN+ Will- rCorr Slay+5}
   (You took it off a frost giant on level 1 of the Depths)

   [ring of positive energy]

   Slay+5:    It affects your accuracy & damage with ranged weapons and melee
   (+5).
   rPois:     It protects you from poison rN+: It protects you from negative
   energy.
   Will-:     It decreases your willpower.
   rCorr:     It protects you from acid and corrosion.
 D - an amulet of reflection (around neck)
 H - a ring of see invisible
 K - the ring "Loemug" {rF+ Int+5 SInv}
   (You found it on level 1 of the Depths)

   [ring of protection from fire]

   Int+5:     It affects your intelligence (+5).
   rF+:       It protects you from fire.
   SInv:      It lets you see invisible.
 L - a ring of resist corrosion
 P - the amulet of the Heavens {rElec rF+ rN+ Regen+ Dex-2}
   (You found it on level 5 of the Pits of Slime)

   [amulet of regeneration]

   Dex-2:     It affects your dexterity (-2).
   rF+:       It protects you from fire.
   rElec:     It insulates you from electricity.
   rN+:       It protects you from negative energy.
   Regen+:    It increases your rate of health regeneration.
 Z - a +6 ring of dexterity
Wands
 d - a wand of mindburst (40)
 E - a wand of roots (39)
 F - a wand of paralysis (47)
 R - a wand of quicksilver (47)
 S - a wand of digging (17)
Scrolls
 l - 2 scrolls of poison
 o - 4 scrolls of fog
 q - 9 scrolls of fear
 z - 5 scrolls of immolation
 G - 5 scrolls of revelation
 N - 3 scrolls of teleportation
 T - 3 scrolls of silence
Potions
 c - 2 potions of resistance
 f - 13 potions of heal wounds
 g - 8 potions of lignification
 i - 13 potions of might
 k - 6 potions of haste
 w - 3 potions of berserk rage
 A - 9 potions of ambrosia
 B - 23 potions of curing
 I - 6 potions of brilliance
 J - 9 potions of mutation
 M - 3 potions of magic
 Q - 2 potions of cancellation
 V - 4 potions of enlightenment
 W - a potion of invisibility
Miscellaneous
 j - a lightning rod (3/4)


   Skills:
 + Level 26.7 Fighting
 + Level 16.1 Long Blades
 + Level 7.1(8.4) Axes
 - Level 7.0(8.5) Maces & Flails
 - Level 2.2(5.0) Staves
 O Level 27 Ranged Weapons
 O Level 27 Armour
 - Level 8.0 Dodging
 - Level 1.0 Stealth
 - Level 5.0 Spellcasting
 - Level 8.0 Translocations
 - Level 11.0 Invocations
 - Level 3.0 Evocations


You had 28 spell levels left.
You knew the following spells:

 Your Spells              Type           Power      Damage    Failure   Level
a - Blink                 Tloc           74%        N/A       2%          2
b - Passage of Golubria   Tloc           37%        N/A       17%         4

Your spell library contained the following spells:

 Spells                   Type           Power      Damage    Failure   Level
 Manifold Assault         Tloc           37%        N/A       17%         4
 Volatile Blastmotes      Fire/Tloc      42%        2d13      26%         3
 Kiss of Death            Conj/Necr      20%        2d7       43%         1
 Magic Dart               Conj           20%        1d4       43%         1
 Necrotise                Necr           20%        1d5       43%         1
 Slow                     Hex            20%        N/A       43%         1
 Call Imp                 Summ           10%        N/A       56%         2
 Cigotuvi's Dreadful Rot  Necr/Pois/Air  10%        N/A       56%         2
 Ensorcelled Hibernation  Hex/Ice        10%        N/A       56%         2
 Poisonous Vapours        Pois/Air       10%        N/A       56%         2
 Searing Ray              Conj           10%        2d4       56%         2
 Sublimation of Blood     Necr           5%         N/A       56%         2
 Wereblood                Tmut           5%         N/A       56%         2
 Dimensional Bullseye     Hex/Tloc       10%        N/A       65%         4
 Call Canine Familiar     Summ           5%         N/A       80%         3
 Confusing Touch          Hex            5%         N/A       80%         3
 Dazzling Flash           Conj/Hex       10%        N/A       80%         3
 Hailstorm                Conj/Ice       5%         3d4       80%         3
 Inner Flame              Hex/Fire       5%         N/A       80%         3
 Sigil of Binding         Hex            5%         N/A       80%         3
 Stone Arrow              Conj/Erth      10%        3d7       80%         3
 Tukima's Dance           Hex            5%         N/A       80%         3
 Vampiric Draining        Necr           5%         2d6       80%         3
 Summon Forest            Summ/Tloc      10%        N/A       94%         5
 Animate Armour           Summ/Erth      10%        N/A       99%         4
 Animate Dead             Necr           5%         N/A       99%         4
 Brom's Barrelling Bould  Conj/Erth      5%         2d3       99%         4
 Dispel Undead            Necr           5%         3d7       99%         4
 Flame Wave               Conj/Fire      5%         2d5       99%         4
 Fulminant Prism          Conj/Hex       2%         3d5       99%         4
 Leda's Liquefaction      Hex/Erth       2%         N/A       99%         4
 Olgreb's Toxic Radiance  Pois           5%         N/A       99%         4
 Petrify                  Tmut/Erth      5%         N/A       99%         4
 Sticky Flame             Conj/Fire      5%         2d3       99%         4
 Summon Ice Beast         Ice/Summ       5%         N/A       99%         4
 Agony                    Necr           5%         N/A       100%        5
 Borgnjor's Vile Clutch   Necr/Erth      2%         N/A       100%        5
 Fireball                 Conj/Fire      2%         3d4       100%        5
 Freezing Cloud           Conj/Ice/Air   2%         6-21      100%        5
 Irradiate                Conj/Tmut      2%         3d12      100%        5
 Iskenderun's Battlesphe  Conj           5%         2d6       100%        5
 Lee's Rapid Deconstruct  Erth           2%         3d5*      100%        5
 Metabolic Englaciation   Hex/Ice        2%         N/A       100%        5
 Silence                  Hex/Air        2%         N/A       100%        5
 Summon Mana Viper        Hex/Summ       5%         N/A       100%        5
 Yara's Violent Unravell  Hex/Tmut       2%         3d3       100%        5
 Bombard                  Conj/Erth      2%         9d1       100%        6
 Conjure Ball Lightning   Conj/Air       2%         3x3d6     100%        6
 Death Channel            Necr           2%         N/A       100%        6
 Simulacrum               Ice/Necr       2%         N/A       100%        6
 Summon Cactus Giant      Summ           2%         N/A       100%        6
 Enfeeble                 Hex            2%         N/A       100%        7
 Haunt                    Necr/Summ      2%         N/A       100%        7
 Malign Gateway           Summ/Tloc      10%        N/A       100%        7
 Monstrous Menagerie      Summ           2%         N/A       100%        7
 Orb of Destruction       Conj           2%         9d5       100%        7
 Spellforged Servitor     Conj/Summ      2%         N/A       100%        7
 Summon Hydra             Summ           2%         N/A       100%        7
 Borgnjor's Revivificati  Necr           2%         N/A       100%        8
 Discord                  Hex            2%         N/A       100%        8
 Disjunction              Tloc           18%        N/A       100%        8
 Ignition                 Fire           2%         3d3       100%        8
 Infestation              Necr           2%         N/A       100%        8
 Lehudib's Crystal Spear  Conj/Erth      2%         10d2      100%        8
 Chain Lightning          Conj/Air       2%         3d3       100%        9
 Death's Door             Necr           2%         N/A       100%        9
 Fire Storm               Conj/Fire      2%         8d1       100%        9
 Shatter                  Erth           2%         3d6*      100%        9


Dungeon Overview and Level Annotations

Branches:
Dungeon (15/15)            Temple (1/1) D:6            Lair (5/5) D:11
 Shoals (4/4) Lair:3       Spider (4/4) Lair:3        Slime (5/5) Lair:5
    Orc (2/2) D:12            Elf (3/3) Orc:2        Vaults (4/5) D:13
  Crypt (3/3) Vaults:2       Tomb (0/3) Crypt:3      Depths (4/4) D:15
    Zot (1/5) Depths:4    Ossuary (visited)          Bailey (visited)
  IceCv (visited)          WizLab (visited)         Gauntlet (visited)

Altars:
Ashenzari
Cheibriados
Dithmenos
Elyvilon
Fedhas
Gozag
Hepliaklqana
Kikubaaqudgha
Makhleb
Nemelex Xobeh
Okawaru
Qazlal
Ru
Sif Muna
Trog
Uskayaw
Vehumet
Wu Jian
Xom
Yredelemnul
Zin
The Shining One
Lugonu

Shops:
D:13 **   D:15 (!!(   Orc:1 !   Orc:2 *[=![*   Shoals:1 ?   Shoals:3 (
Vaults:2 (   Vaults:3 [   Zot:1 *   Depths:3 ==:

Portals:
Hell: Lair:5 Depths:1 Depths:2 Depths:3 Depths:4
Abyss: Depths:2 Depths:3
Pandemonium: Depths:1 Depths:2
Ziggurat: Depths:3
Trove: Depths:1 (give +4 shadow dragon scales)

Annotations:
Zot:1 3 runed translucent doors, exclusion: obsidian statue, Parghit; Wukiw's ghost, legendary MiBe


Innate Abilities, Weirdness & Mutations

You have a pair of horns on your head.
You reflexively headbutt those who attack you in melee.
You are partially covered in iridescent scales. (AC +2)
Your mind is acute. (Int +4, Str/Dex -1)
Your body often deteriorates upon taking damage.
Your system is resistant to poisons. (rPois)
You are vulnerable to cold. (rC-)


Message History

Fire: t) +7 arbalest "Wiatim" {heavy, rElec Int+2}
Press: ? - help, Q - select action, (/) - cycle Shift-Dir - straight line, f/p - Parghit
Aim: Parghit, wearing +6 gold dragon scales and quivering large rocks (83% to hit)
You shoot a bolt. The bolt hits Parghit!!
Parghit is lightly wounded.
The tentacled monstrosity closely misses you.
The tentacled monstrosity tentacle-slaps you.
You block the tentacled monstrosity's attack.
The tentacled monstrosity constricts you.
The red draconian hits your oklob plant with a +0 flail!!
Parghit bites you!
Parghit claws you but does no damage. x2
Your oklob plant spits acid at the red draconian.
The splash of acid hits the red draconian!
The acid corrodes the red draconian!
The red draconian breathes fire at your oklob plant.
The searing blast hits your oklob plant!!
Your oklob plant is destroyed!
Your oklob plant disappears in a puff of smoke!
Parghit looks around cautiously.
Parghit bites you!! Parghit claws you! Parghit claws you but does no damage.
The yellow draconian annihilator points at you and mumbles some strange words.
The crystal spear hits you!!!!
* * * LOW HITPOINT WARNING * * *
Your body deteriorates!
You feel dopey.
The tentacled monstrosity tentacle-slaps you but does no damage. x2
The tentacled monstrosity closely misses you.
The tentacled monstrosity constricts you.
Fire: t) +7 arbalest "Wiatim" {heavy, rElec Int+2}
Press: ? - help, Q - select action, (/) - cycle Shift-Dir - straight line, f/p - Parghit
Aim: Parghit, wearing +6 gold dragon scales and quivering large rocks (83% to hit)
You shoot a bolt. The bolt hits Parghit!!!!
Parghit is severely wounded.
Parghit snarls, "Go!
Away!"
Parghit bites you.
* * * LOW HITPOINT WARNING * * *
Parghit claws you!
* * * LOW HITPOINT WARNING * * *
Parghit claws you!
You die...
Fedhas appreciates your contribution to the ecosystem.

.# #.# #.# #.#
#####.# ..
d.d.☼#
...d##XPP#
....ddq@°##
..#####PT.'....
#..##.... ###
#..# ...
##.#####'## .
##.........#
##....~~~~~.# #
###.....~♣♣♣~.#
# ##.......~♣
♣~.#


You could see a tentacled monstrosity (ally target), Parghit, 2 draconians, a
green draconian, 2 draconians and a yellow draconian annihilator.

Vanquished Creatures
  the Royal Jelly (Slime:5)
  An ancient lich (Depths:1)
  Khufu (Crypt:3)
  Mennas (Crypt:2)
  A juggernaut (D:15)
  A royal mummy (Crypt:3)
  Margery (Crypt:2)
  Sojobo (Vaults:1)
  2 shard shrikes
  6 caustic shrikes
  Xtahua (Vaults:2)
  Nikola (Shoals:3)
  Jory (Vaults:1)
  2 golden dragons
  Arachne (Spider:2)
  3 doom hounds (Depths:3)
  2 Hell Sentinels (Depths:2)
  A tentacled monstrosity (Depths:2)
  Jorgrun (D:14)
  Zenata (Crypt:3)
  A walking crystal tome (Depths:1)
  An Ice Fiend (Depths:2)
  2 liches
  2 titans
  Grunn (Depths:3)
  2 deep elf blademasters (Elf:3)
  2 deep elf master archers (Elf:3)
  A walking divine tome (Depths:2)
  28 acid blobs
  Polyphemus (Shoals:4)
  A kraken (Shoals:1)
  A walking frostbound tome (Depths:1)
  8 ancient champions
  5 sphinxes
  Gastronok (Lair:1)
  2 shadow dragons
  Agnes (Spider:3)
  16 azure jellies
  Aizul (Elf:3)
  2 storm dragons
  Roxanne (Elf:3)
  Kirke (D:14)
  2 draconian monks
  Donald (Vaults:3)
  13 rockslimes
  7 revenants
  3 tengu reavers
  7 frost giants
  3 fire giants
  6 emperor scorpions
  Louise (D:13)
  5 deep elf sorcerers
  7 deep elf elementalists
  3 spectral caustic shrikes
  The ghost of 0gre the Thaumaturge, a journeyman GnIE of Vehumet (Orc:1)
  2 caustic shrike zombies (WizLab)
  10 vault wardens
  5 ghost moths
  3 orc warlords
  6 ghouls
  A reaper (Crypt:2)
  A draconian shifter (Depths:4)
  14 ironbound preservers
  A broodmother (Spider:3)
  A spriggan defender (Depths:3)
  10 very ugly things
  A war gargoyle (Vaults:4)
  4 curse skulls
  7 quicksilver oozes
  13 stone giants
  6 formless jellyfish
  A green draconian (Zot:1)
  4 ironbound thunderhulks
  2 pale draconians (Depths:4)
  Nessos (D:12)
  2 black draconians (Depths:4)
  8 vampire knights
  A red draconian (Zot:1)
  10 deep elf demonologists
  A purple draconian (Zot:1)
  8 deep elf annihilators
  2 yellow draconians (Depths:4)
  4 halazid warlocks (WizLab)
  A spectral titan (WizLab)
  A minotaur (Gauntlet)
  2 white draconians (Depths:4)
  11 dire elephants
  10 spark wasps
  Snorg (Orc:1)
  A crystal guardian (Vaults:4)
  4 blizzard demons
  7 deep elf death magi
  9 eidola
  4 entropy weavers
  6 merfolk javelineers
  4 ettins
  A quicksilver dragon zombie (WizLab)
  Fannar (Orc:1)
  11 jiangshi
  12 fire dragons
  10 yaktaur captains
  4 deep elf high priests
  7 rakshasas
  8 ice dragons
  10 vault guards
  4 spriggan air magi
  8 merfolk impalers
  10 great orbs of eyes
  7 hydras
  2 peacekeepers
  An ogre mage (Orc:2)
  A juggernaut simulacrum (Depths:2)
  A spectral shadow dragon (Crypt:3)
  3 catoblepae
  6 ironbound frosthearts
  6 radroaches
  A fenstrider witch skeleton (Crypt:1)
  4 death knights
  A jorogumo (Spider:4)
  An anaconda (Lair:3)
  4 boulder beetles
  A satyr (Shoals:4)
  30 dancing weapons
  5 deep troll shamans
  6 merfolk aquamancers
  18 centaur warriors
  6 two-headed ogres
  4 tengu warriors
  7 death yaks
  8 deep troll earth magi
  4 orc high priests
  An occultist (Depths:2)
  3 spectral storm dragons (Crypt:3)
  2 spectral nagas (Crypt:3)
  11 vampire magi
  3 hell hogs (Depths:2)
  6 spriggan berserkers
  23 deep elf knights
  7 demonic crawlers
  2 storm dragon skeletons
  19 hell knights
  11 shadow wraiths
  3 sun demons
  A spectral bunyip (Crypt:3)
  A titan skeleton (Crypt:2)
  A soul eater (Crypt:1)
  6 pharaoh ants
  17 skeletal warriors
  8 iron trolls
  7 skysharks
  2 sun moths
  A shadow demon (Depths:2)
  2 bog bodies (Crypt:1)
  2 deep trolls (shapeshifter)
  A spectral spark wasp (WizLab)
  A spark wasp zombie (Depths:1)
  10 flayed ghosts
  11 sea snakes
  A spectral anaconda (Crypt:3)
  46 deep trolls
  8 orb spiders
  19 deep elf archers
  14 ironbound convokers
  8 lindwurms
  A bunyip skeleton (Crypt:2)
  3 glowing orange brains
  21 deep elf pyromancers
  2 anaconda skeletons (Crypt:2)
  31 deep elf zephyrmancers
  12 arcanists
  6 steelbarb worms
  An iron dragon zombie (Crypt:2)
  24 phantasmal warriors
  4 spectral spriggans
  5 orc knights
  15 necromancers
  13 harpies
  7 shining eyes
  24 wolf spiders
  A frost giant zombie (Depths:1)
  28 ugly things
  A spectral ettin (Crypt:3)
  A sphinx simulacrum (Vaults:1)
  3 spectral centaurs (Crypt:3)
  15 cyclopes
  A shining eye (shapeshifter) (D:14)
  11 orc sorcerers
  6 fauns
  14 manticores
  An ice statue (IceCv)
  4 human skeletons
  5 elephants
  7 moths of wrath
  2 black mambas (Lair:5)
  A guardian serpent (D:11)
  16 merfolk sirens
  2 eyes of devastation
  9 cane toads
  18 vault sentinels
  5 water nymphs
  2 orange demons (Lair:5)
  2 smoke demons
  A naga skeleton (Crypt:2)
  5 torpor snails
  2 gargoyles
  23 freezing wraiths
  A dire elephant skeleton (Crypt:2)
  A hellion (Gauntlet)
  3 human zombies
  3 minotaur zombies (Gauntlet)
  A black draconian zombie (Crypt:1)
  2 unseen horrors (D:12)
  A purple draconian zombie (Crypt:3)
  A red draconian zombie (Crypt:3)
  A steelbarb worm zombie (Crypt:2)
  5 rime drakes
  A bunyip simulacrum (Crypt:3)
  11 komodo dragons
  A yaktaur skeleton (Vaults:1)
  2 guardian mummies (Crypt:1)
  30 yaktaurs
  4 tengu conjurers
  3 anaconda simulacra (IceCv)
  2 spectral harpies (Crypt:3)
  21 ice devils
  A yellow draconian skeleton (Crypt:1)
  2 harpy zombies (Crypt:2)
  A green draconian skeleton (Crypt:2)
  30 merfolk
  A polar bear (Lair:5)
  A red devil (Lair:5)
  6 trolls
  A great orb of eyes zombie (Crypt:3)
  A hellwing (Depths:2)
  A purple draconian skeleton (Crypt:1)
  6 wind drakes
  A shadow dragon simulacrum (Depths:2)
  A tarantella (shapeshifter) (Elf:3)
  22 blink frogs
  A fire giant simulacrum (Depths:2)
  16 tarantellas
  Prince Ribbit (D:6)
  A raiju (Depths:2)
  5 glass eyes
  11 hornets
  12 snapping turtles
  A frost giant simulacrum (Depths:2)
  An ettin zombie (Crypt:3)
  3 dream sheep (Lair:3)
  2 black mamba zombies (Crypt:2)
  105 slime creatures
  A spriggan zombie (WizLab)
  An ice dragon skeleton (Crypt:2)
  24 jumping spiders
  14 flying skulls
  3 air elementals
  An ettin skeleton (Vaults:1)
  20 culicivoras
  2 centaur simulacra (Crypt:3)
  6 vampires
  A ynoxinul (Depths:2)
  4 shadows (Gauntlet)
  49 yaks
  4 spriggans
  3 hogs (D:14)
  2 spriggan skeletons
  5 wraiths
  3 dire elephant simulacra
  20 water elementals
  2 wyverns
  A human (shapeshifter) (D:14)
  A wind drake zombie (Crypt:3)
  2 humans (D:13)
  34 redbacks
  A naga simulacrum (Crypt:2)
  A basilisk (shapeshifter) (Elf:1)
  A black mamba skeleton (Crypt:1)
  14 golden eyes
  5 basilisks
  6 death yak simulacra (IceCv)
  5 steam dragons
  12 vampire mosquitoes
  11 wargs (Orc:2)
  A harpy simulacrum (IceCv)
  16 water moccasins
  A two-headed ogre zombie (Crypt:3)
  5 acid dragons
  A fire bat skeleton (Crypt:3)
  Duvessa (D:6)
  A hydra simulacrum (IceCv)
  3 hell hounds (Lair:5)
  A swamp drake (D:12)
  36 orc warriors
  3 ice beasts
  12 ogres
  A blink frog zombie (Crypt:2)
  8 black bears
  A dream sheep skeleton (Crypt:3)
  17 wolves
  An elf simulacrum (Vaults:1)
  8 centaurs
  A vine stalker zombie (Crypt:1)
  2 kobold brigands
  A komodo dragon zombie (Crypt:1)
  4 elf zombies
  15 bullfrogs
  4 scorpions
  6 necrophages
  2 two-headed ogre simulacra
  4 cane toad simulacra (IceCv)
  2 earth elementals (Elf:3)
  14 wights (D:9)
  Dowan (D:6)
  3 elephant simulacra (IceCv)
  10 killer bees
  4 electric eels
  5 howler monkeys
  2 jellies (D:4)
  A cerulean imp (D:3)
  19 orc priests
  A hound (D:6)
  Crazy Yiuf (D:3)
  4 gnoll boudas
  2 iguanas
  51 orc wizards
  2 sleepcaps
  Natasha (thrice) (D:3)
  4 spriggan simulacra
  2 polar bear simulacra (IceCv)
  5 wolf simulacra (IceCv)
  A sky beast zombie (Crypt:1)
  2 hound zombies (Ossuary)
  A tengu skeleton (Crypt:2)
  12 mummies
  21 gnolls
  3 adders
  A shadow imp (D:6)
  4 white imps
  2 ufetubi (IceCv)
  4 worms
  4 dart slugs
  151 orcs
  3 bats
  4 endoplasms
  3 giant cockroaches
  9 goblins
  8 hobgoblins
  4 jackals (D:2)
  2 quokkas
  2 ball pythons
  A ball python skeleton (Crypt:1)
  2 frilled lizards
  A goblin skeleton (Crypt:3)
  4 goblin zombies
  2 hobgoblin zombies (Ossuary)
  14 kobolds
  2 kobold zombies (Ossuary)
  An orc zombie (Ossuary)
  3 rats
  2 rat zombies (Ossuary)
  5 tentacles (Shoals:1)
2343 creatures vanquished.

Vanquished Creatures (collateral kills)
  A flying skull (WizLab)
  5 ballistomycete spores
6 creatures vanquished.

Vanquished Creatures (others)
  A frost giant (Depths:1)
  A great orb of eyes (Vaults:4)
  A deep elf knight (Elf:1)
  3 ironbound convokers (Vaults:4)
  An oklob plant (Lair:5)
  2 yaktaurs (Vaults:4)
  A skyshark zombie (Crypt:2)
  A gnoll (D:6)
  An orc (Orc:1)
  2 ballistomycete spores
  4 spectral weapons
  30 tentacles (Shoals:1)
48 creatures vanquished.

Grand Total: 2397 creatures vanquished

Notes
Turn   | Place    | Note
-------+----------+-------------------------------------------
     0 | D:1      | Lobster4 the Minotaur Hunter began the quest for the Orb.
     0 | D:1      | Reached XP level 1. HP: 18/18 MP: 0/0
   167 | D:1      | Reached skill level 1 in Stealth
   168 | D:1      | Reached XP level 2. HP: 25/25 MP: 1/1
   487 | D:1      | Reached skill level 1 in Armour
   890 | D:2      | Reached XP level 3. HP: 30/30 MP: 2/2
   942 | D:2      | Found a faded altar of an unknown god.
  1112 | D:2      | Reached skill level 5 in Ranged Weapons
  1163 | D:2      | Identified the +1 leather armour of Eqedd {rF- rN+ Str+7}
  1476 | D:3      | Found a runed translucent door.
  1477 | D:3      | Noticed Crazy Yiuf
  1569 | D:3      | Noticed Grinder
  1575 | D:3      | Grinder changed into Grinder the cerulean imp
  1575 | D:3      | Noticed Grinder
  1600 | D:3      | Killed Grinder the cerulean imp
  1601 | D:3      | Reached XP level 4. HP: 37/38 MP: 3/3
  1628 | D:3      | Identified the +1 hand cannon "Figaqow" {flame, Fly Will+
                  | MP+9}
  2073 | D:3      | Reached XP level 5. HP: 29/45 MP: 4/4
  2231 | D:3      | Noticed Natasha
  2623 | D:4      | Reached XP level 6. HP: 52/52 MP: 5/5
  3131 | D:4      | Reached skill level 5 in Fighting
  3346 | D:5      | Entered Level 5 of the Dungeon
  3346 | D:5      | Noticed an ice beast
  3379 | D:4      | Reached XP level 7. HP: 35/61 MP: 5/6
  3391 | D:4      | Gained mutation: Your system is resistant to poisons.
                  | (rPois) [potion of mutation]
  3391 | D:4      | Gained mutation: You are partially covered in iridescent
                  | scales. (AC +2) [potion of mutation]
  3391 | D:4      | Gained mutation: Your mind is acute. (Int +4, Str/Dex -1)
                  | [potion of mutation]
  3649 | D:5      | Found a sand-covered staircase.
  3656 | Ossuary  | Entered an ossuary
  4188 | D:5      | Reached XP level 8. HP: 71/71 MP: 7/7
  4697 | D:6      | Noticed Prince Ribbit
  4702 | D:6      | Killed Prince Ribbit
  4703 | D:6      | Reached skill level 10 in Ranged Weapons
  4833 | D:6      | Noticed Dowan
  4839 | D:6      | Noticed Duvessa
  4848 | D:6      | Killed Duvessa
  4853 | D:6      | Killed Dowan
  4940 | D:6      | Reached XP level 9. HP: 71/81 MP: 8/8
  5113 | D:6      | Noticed a cyclops
  5113 | D:6      | Noticed a two-headed ogre
  5124 | D:6      | Killed a two-headed ogre
  5268 | D:6      | Killed a cyclops
  5474 | D:6      | Found a staircase to the Ecumenical Temple.
  5485 | Temple   | Entered the Ecumenical Temple
  5524 | Temple   | Became a worshipper of Fedhas Madash
  5741 | D:7      | Reached skill level 10 in Fighting
  5968 | D:7      | Reached XP level 10. HP: 93/93 MP: 9/9
  6092 | D:7      | Reached * piety under Fedhas
  6422 | D:8      | Reached skill level 1 in Invocations
  6432 | D:8      | Reached skill level 1 in Evocations
  6535 | D:8      | Identified the +7 plate armour of the Turtle {+Blink Will+
                  | Dex+4}
  6572 | D:8      | Identified the +7 sling of the Tentacled God {drain, Str+2}
  6834 | D:8      | Found a flagged portal.
  6844 | Bailey   | Entered a bailey
  6923 | Bailey   | Noticed an orc warlord
  6943 | Bailey   | Noticed an orc knight
  6977 | Bailey   | Killed an orc knight
  7040 | Bailey   | Found a runed translucent gate.
  7040 | Bailey   | Found a runed translucent gate.
  7056 | Bailey   | Found a runed translucent gate.
  7076 | Bailey   | Reached ** piety under Fedhas
  7231 | Bailey   | Killed an orc warlord
  7278 | Bailey   | Identified the +10 rapier of Cuac {heavy, rPois MP+9 Int+3}
  7288 | Bailey   | Identified the +7 arbalest "Wiatim" {heavy, rElec Int+2}
  8134 | D:9      | Reached skill level 5 in Armour
  8153 | D:9      | Reached XP level 11. HP: 63/102 MP: 12/12
  8276 | D:9      | Found a snail-covered altar of Cheibriados.
  8355 | D:9      | Reached *** piety under Fedhas
  8480 | D:9      | Identified the +6 long sword "Wineac" {venom, rN+ MP+9}
  8570 | D:9      | Found a shimmering altar of Xom.
  8963 | D:10     | Entered Level 10 of the Dungeon
  8968 | D:10     | Noticed a two-headed ogre
  8975 | D:10     | Killed a two-headed ogre
  9105 | D:10     | Reached skill level 15 in Ranged Weapons
 10089 | D:11     | Found a staircase to the Lair.
 10119 | D:11     | Reached **** piety under Fedhas
 11291 | D:12     | Noticed Nessos
 11484 | D:12     | Identified the +1 quarterstaff "Ceobyda" {flame, rN+ Will+
                  | Int+3}
 11497 | D:12     | Noticed a two-headed ogre
 11507 | D:12     | Killed a two-headed ogre
 11508 | D:12     | Reached XP level 12. HP: 113/113 MP: 13/13
 11513 | D:12     | Found a frozen archway.
 11524 | D:12     | Reached XP level 13. HP: 122/122 MP: 14/14
 11527 | IceCv    | Entered an ice cave
 11995 | IceCv    | Found an ancient bone altar of Kikubaaqudgha.
 11999 | IceCv    | Reached ***** piety under Fedhas
 12000 | IceCv    | Reached skill level 10 in Armour
 12897 | D:12     | Killed Nessos
 13051 | D:12     | Found a staircase to the Orcish Mines.
 13510 | Orc:1    | Entered Level 1 of the Orcish Mines
 13511 | Orc:1    | Noticed Fannar
 13516 | Orc:1    | Killed Fannar
 13590 | Orc:1    | Noticed an orc warlord
 13598 | Orc:1    | Noticed Snorg
 13599 | Orc:1    | Killed an orc warlord
 13632 | Orc:1    | Killed Snorg
 13987 | Orc:1    | Noticed 0gre's ghost (journeyman GnIE)
 13995 | Orc:1    | Found a transporter.
 14006 | Orc:1    | Found Juxkawk's Distillery.
 14009 | Orc:1    | Found a transporter.
 14134 | Orc:1    | Reached ****** piety under Fedhas
 14312 | Orc:2    | Entered Level 2 of the Orcish Mines
 14444 | Orc:2    | Found a gate leading to a gauntlet.
 14491 | Gauntlet | Entered a Gauntlet
 14491 | Gauntlet | Found a transporter.
 14498 | Gauntlet | Found a transporter.
 14500 | Gauntlet | Found a transporter.
 14513 | Gauntlet | Found a transporter.
 14515 | Gauntlet | Found a transporter.
 14527 | Gauntlet | Found a transporter.
 14538 | Gauntlet | Found a transporter.
 14549 | Gauntlet | Found a transporter.
 14561 | Gauntlet | Found a transporter.
 14564 | Gauntlet | Noticed a cacodemon
 14566 | Gauntlet | Found a transporter.
 14566 | Gauntlet | Found a transporter.
 14587 | Gauntlet | Found a runed translucent door.
 14595 | Gauntlet | Found a transporter.
 14595 | Gauntlet | Found a transporter.
 14596 | Gauntlet | Found the ring of the Octopus King
 14598 | Gauntlet | Found a runed translucent door.
 14647 | Gauntlet | Found a transporter.
 14738 | Gauntlet | Identified the -2 cloak "Xealiog" {Drain +Blink Int+3 SInv}
 14858 | Gauntlet | Identified the +1 pair of boots of Dixun {rPois MP+9 Int+3}
 14932 | Gauntlet | Noticed a minotaur
 14940 | Gauntlet | Killed a minotaur
 14941 | Gauntlet | Reached XP level 14. HP: 103/133 MP: 15/15
 15174 | Orc:2    | Found Weewnir's Armour Emporium.
 15268 | Orc:2    | Found Fujycoar's Assorted Antiques.
 15308 | Orc:2    | Reached skill level 15 in Fighting
 15506 | Orc:2    | Paralysed by an orc sorcerer for 3 turns
 15532 | Orc:2    | Found Azock's Antique Armour Shoppe.
 15586 | Orc:2    | Found Sapyezui's General Store.
 15753 | Orc:2    | Found a staircase to the Elven Halls.
 15793 | Orc:2    | Found Sotoj's Jewellery Shop.
 15793 | Orc:2    | Found Sotoj's Distillery.
 15808 | Orc:2    | Bought a potion of haste for 150 gold pieces
 15808 | Orc:2    | Bought a potion of heal wounds for 75 gold pieces
 15808 | Orc:2    | Bought a potion of heal wounds for 75 gold pieces
 16007 | Orc:2    | Bought a scroll of blinking for 307 gold pieces
 16110 | Lair:1   | Entered Level 1 of the Lair of Beasts
 16527 | Lair:1   | Noticed Gastronok
 16539 | Lair:1   | Killed Gastronok
 16558 | Lair:1   | Identified the +8 plate armour "Muidolusk" {Stlth+}
 17748 | Lair:3   | Found a hole to the Spider Nest.
 17934 | Lair:3   | Found a staircase to the Shoals.
 18480 | Lair:4   | Reached XP level 15. HP: 144/144 MP: 16/16
 19178 | Lair:5   | Entered Level 5 of the Lair of Beasts
 20068 | Lair:5   | Found a staircase to the Slime Pits.
 20222 | Lair:5   | Found a burning altar of Makhleb.
 20364 | Lair:5   | Found a gateway to Hell.
 20371 | Lair:5   | Identified the +6 chain mail of the Orb {rN+}
 20780 | D:13     | Identified the +1 scale mail of the Eight Boll Weevils
                  | {+Blink rCorr Str+3 Int+3}
 20801 | D:13     | Found Cegrid's General Store.
 20807 | D:13     | Found Bara's Specific Store.
 20815 | D:13     | Bought a potion of heal wounds for 50 gold pieces
 21206 | D:13     | Found a gate to the Vaults.
 21776 | D:14     | Noticed Louise
 21801 | D:13     | Killed Louise
 22017 | D:14     | Noticed Jorgrun
 22026 | D:14     | Killed Jorgrun
 22114 | D:14     | Noticed Kirke
 22126 | D:14     | Noticed a sphinx
 22128 | D:14     | Killed Kirke
 22144 | D:14     | Found an opulent altar of Gozag.
 22266 | D:14     | Reached skill level 15 in Armour
 22268 | D:14     | Reached XP level 16. HP: 146/155 MP: 17/17
 22416 | D:14     | Identified the +1 arbalest "Ciosis" {penet, Int-3 Dex+4}
 22541 | D:15     | Entered Level 15 of the Dungeon
 22543 | D:15     | Found Zuireu's Weapon Shop.
 22804 | D:15     | Found Zetoiled's Distillery.
 22814 | D:15     | Found Giograwa's Antique Weapon Shop.
 22915 | D:15     | Found a staircase to the Depths.
 23134 | D:15     | Found Wuraadug's Distillery.
 23143 | D:15     | Bought a potion of enlightenment for 55 gold pieces
 23546 | D:15     | Found an ornate altar of the Wu Jian Council.
 23750 | Spider:1 | Entered Level 1 of the Spider Nest
 24616 | Spider:2 | You fall into a shaft and drop 1 floor!
 24701 | Spider:3 | Noticed Agnes
 24706 | Spider:3 | Killed Agnes
 24727 | Spider:3 | Found the amulet of the Air {Inacc Air Fly rElec RMsl}
 24980 | Spider:2 | Noticed Arachne
 24990 | Spider:2 | Killed Arachne
 25160 | Spider:2 | Reached skill level 1 in Maces & Flails
 25266 | Spider:2 | Identified the maw talisman of the Mind {rF+++ rC- Dex+3
                  | Stlth+}
 25974 | Spider:3 | Reached XP level 17. HP: 164/166 MP: 18/18
 26408 | Spider:3 | Found the +10 morningstar "Eos" {elec, Halo rElec}
 26947 | Spider:4 | Entered Level 4 of the Spider Nest
 28117 | Spider:4 | Reached skill level 5 in Maces & Flails
 29625 | Spider:4 | Got a gossamer rune of Zot
 29818 | Shoals:1 | Entered Level 1 of the Shoals
 30001 | Shoals:1 | Noticed a kraken
 30608 | Shoals:1 | Found Nuhey's Magic Scroll Emporium.
 30616 | Shoals:1 | Bought a scroll of teleportation for 45 gold pieces
 30616 | Shoals:1 | Bought 2 scrolls of teleportation for 90 gold pieces
 30616 | Shoals:1 | Bought a scroll of revelation for 112 gold pieces
 30616 | Shoals:1 | Bought a scroll of revelation for 112 gold pieces
 30616 | Shoals:1 | Bought a scroll of revelation for 112 gold pieces
 31229 | Shoals:1 | Killed a kraken
 33112 | Shoals:3 | Reached XP level 18. HP: 178/178 MP: 19/19
 33310 | Shoals:3 | Learned a level 2 spell: Blink
 33566 | Shoals:3 | Found Ibbul's Weapon Shoppe.
 33778 | Shoals:3 | Noticed Nikola
 33785 | Shoals:3 | Killed Nikola
 34264 | Shoals:4 | Entered Level 4 of the Shoals
 34269 | Shoals:4 | Reached skill level 1 in Translocations
 34274 | Shoals:3 | Reached skill level 1 in Spellcasting
 34648 | Shoals:4 | Identified the +4 scale mail "Ikowaeck" {Str+4 Int+3 SInv}
 35089 | Shoals:4 | Identified the +1 chain mail "Xefi" {rElec rCorr}
 35259 | Shoals:4 | Noticed Polyphemus
 35272 | Shoals:4 | Killed Polyphemus
 35599 | Shoals:4 | Found the necklace of Bloodlust {Fury *Rage Will++ Int-3
                  | Slay+6}
 35797 | Shoals:4 | Got a barnacled rune of Zot
 36476 | Depths:2 | Identified the "Momowet"
 36476 | Elf:1    | Identified the of Gailel
 36476 | Elf:1    | Entered Level 1 of the Elven Halls
 37753 | Elf:2    | Paralysed by an air elemental for 1 turns
 38151 | Elf:2    | Reached XP level 19. HP: 187/187 MP: 22/22
 38565 | Elf:2    | Found a runed translucent gate.
 38565 | Elf:2    | Found a runed translucent gate.
 38565 | Elf:2    | Found a runed translucent gate.
 39690 | Elf:3    | Identified the "Maxak"
 39690 | Elf:3    | Identified the "Fobig"
 39690 | Elf:3    | Identified the of Luimith
 39690 | Elf:3    | Identified the "Zoschuji"
 39690 | Elf:3    | Entered Level 3 of the Elven Halls
 39715 | Elf:3    | Found an ancient bone altar of Kikubaaqudgha.
 39724 | Elf:3    | Found a flickering gateway to a bazaar.
 39730 | Bazaar   | Entered a bazaar
 39750 | Bazaar   | Found Tuvutis's Distillery.
 39772 | Bazaar   | Found Punosh's Armour Shoppe.
 39804 | Bazaar   | Found Xemp's Book Shoppe.
 39815 | Bazaar   | Found Poutiud's Assorted Antiques.
 39826 | Bazaar   | Found Giasa's Armour Emporium.
 39861 | Bazaar   | Bought a potion of haste for 110 gold pieces
 39861 | Bazaar   | Bought a potion of resistance for 110 gold pieces
 39861 | Bazaar   | Bought a potion of mutation for 88 gold pieces
 39861 | Bazaar   | Bought a potion of heal wounds for 55 gold pieces
 39861 | Bazaar   | Bought a potion of lignification for 33 gold pieces
 39861 | Bazaar   | Bought a potion of heal wounds for 55 gold pieces
 39861 | Bazaar   | Bought a potion of might for 44 gold pieces
 39861 | Bazaar   | Bought a potion of brilliance for 44 gold pieces
 39895 | Bazaar   | Bought a scroll of fog for 108 gold pieces
 39895 | Bazaar   | Bought a scroll of poison for 108 gold pieces
 39895 | Bazaar   | Bought a potion of curing for 81 gold pieces
 39904 | Bazaar   | Bought a manual of Staves for 880 gold pieces
 40026 | Elf:3    | Noticed Roxanne
 40045 | Elf:3    | Reached skill level 1 in Staves
 40445 | Elf:3    | Identified the serpent talisman of the Orcish Mines {*Slow
                  | +Blink rF++ rN+}
 40445 | Elf:3    | Noticed Aizul
 40456 | Elf:3    | Killed Aizul
 41538 | Elf:3    | Killed Roxanne
 41738 | Elf:3    | Reached skill level 27 in Ranged Weapons
 42090 | Elf:3    | Identified the +7 spear "Isiar Bubi" {flame, rF+ rC+ rN+++
                  | MP-9}
 42465 | Elf:3    | Identified the +7 quarterstaff "Ustomer" {flame, rPois
                  | Str+2 Dex+5}
 42467 | Elf:3    | Identified the ring "Werucw" {Will+++ Int+6}
 42668 | Elf:3    | Noticed a Brimstone Fiend
 42910 | Elf:3    | Identified the +5 great sword of Yhaimam {spect, rN+ Str+2
                  | Int+4 Stlth+}
 42941 | Elf:3    | Noticed a Brimstone Fiend
 42946 | Elf:3    | Noticed a Brimstone Fiend
 42949 | Elf:3    | Noticed a Brimstone Fiend
 43450 | Elf:3    | Reached XP level 20. HP: 200/200 MP: 23/23
 43474 | Elf:3    | Identified the +7 plate armour "Tepruo" {rF+ rC+ Str+4
                  | Stlth+}
 43890 | Vaults:1 | Entered Level 1 of the Vaults
 43943 | Vaults:1 | Found a magical portal.
 43948 | WizLab   | Entered Borgnjor's Mausoleum
 43965 | WizLab   | Reached skill level 5 in Dodging
 44115 | WizLab   | Reached skill level 1 in Long Blades
 44934 | WizLab   | Identified the amulet "Ohoq" {Faith +Inv Dex+3}
 46014 | Vaults:1 | Reached skill level 5 in Invocations
 46102 | Vaults:1 | Reached skill level 5 in Long Blades
 46756 | Vaults:2 | Noticed Xtahua
 46792 | Vaults:2 | Noticed Sojobo
 46869 | Vaults:2 | Noticed Jory
 47686 | Vaults:2 | Found Guyfad's Weapon Shoppe.
 47771 | Vaults:2 | Paralysed by an air elemental for 1 turns
 47779 | Vaults:2 | Paralysed by an air elemental for 1 turns
 47784 | Vaults:2 | Paralysed by an air elemental for 1 turns
 47788 | Vaults:2 | Paralysed by an air elemental for 1 turns
 47792 | Vaults:2 | Paralysed by an air elemental for 1 turns
 47796 | Vaults:2 | Paralysed by an air elemental for 1 turns
 47799 | Vaults:2 | Paralysed by an air elemental for 1 turns
 47801 | Vaults:2 | Paralysed by an air elemental for 1 turns
 47806 | Vaults:2 | Paralysed by an air elemental for 1 turns
 47809 | Vaults:2 | Paralysed by an air elemental for 1 turns
 47815 | Vaults:2 | Paralysed by an air elemental for 1 turns
 47819 | Vaults:2 | Paralysed by an air elemental for 1 turns
 48480 | Depths:1 | Entered Level 1 of the Depths
 48717 | Depths:1 | Reached XP level 21. HP: 211/211 MP: 24/24
 48886 | Depths:1 | Found a one-way gate leading to the halls of Pandemonium.
 49003 | Depths:1 | Noticed a golden dragon
 49006 | Depths:1 | Identified the ring "Qoliyph" {rPois rN+ Will- rCorr
                  | Slay+5}
 49010 | Depths:1 | Killed a golden dragon
 49010 | Depths:1 | Identified the amulet "Hiuluife" {RegenMP rC- Dex+4}
 49027 | Depths:1 | Noticed a juggernaut
 49747 | D:3      | Killed Crazy Yiuf
 50486 | D:3      | Killed Natasha
 50664 | D:3      | Noticed Natasha
 50665 | D:3      | Killed Natasha
 50850 | D:3      | Noticed Natasha
 50851 | D:3      | Killed Natasha
 51528 | Orc:1    | Killed 0gre's ghost
 52494 | Vaults:1 | Killed Jory
 52879 | Vaults:1 | Killed Sojobo
 53738 | Vaults:2 | Found a staircase to the Crypt.
 53933 | Vaults:2 | Killed Xtahua
 54203 | Vaults:3 | Noticed Donald
 54205 | Vaults:3 | Killed Donald
 54380 | Vaults:3 | Identified the +0 robe of the Cobbler {rPois rF- rN+++}
 54386 | Vaults:3 | Found Yjoxzon's Antique Armour Emporium.
 56453 | Vaults:4 | Reached skill level 10 in Long Blades
 56661 | Vaults:4 | Reached XP level 22. HP: 216/222 MP: 26/26
 58251 | Crypt:1  | Entered Level 1 of the Crypt
 59135 | Crypt:1  | HP: 6/223 [harpy simulacrum[a curse skull] (6)]
 59957 | Crypt:1  | Found a basalt altar of Yredelemnul.
 61143 | Crypt:2  | Noticed Mennas
 61153 | Crypt:2  | Killed Mennas
 61503 | Crypt:2  | Noticed Margery
 62417 | Crypt:3  | Entered Level 3 of the Crypt
 62457 | Crypt:2  | Killed Margery
 62697 | Crypt:3  | Reached skill level 5 in Translocations
 62940 | Crypt:3  | Noticed Khufu
 63147 | Crypt:3  | Noticed a royal mummy
 63152 | Crypt:3  | Killed a royal mummy
 63289 | Crypt:3  | Killed Khufu
 63707 | Crypt:3  | Reached XP level 23. HP: 211/213 MP: 28/28
 64005 | Crypt:3  | Found a staircase to the Tomb.
 64443 | Crypt:3  | Identified the ring of Kuocsito {rElec MP+9 Int+3}
 64865 | Crypt:3  | Identified the +1 chain mail of Bocifec {rF+++ rC- Str+4}
 65287 | Crypt:3  | Noticed Zenata
 65869 | Crypt:3  | Killed Zenata
 66103 | Crypt:3  | Identified the +0 pair of gloves of Gahogy {Fly rF+ rC+
                  | Str-5}
 66637 | D:15     | Killed a juggernaut
 67399 | Depths:1 | Found a portal to a secret trove of treasure.
 67562 | Depths:1 | Identified the amulet of the Country {RegenMP rElec Str+2}
 67575 | Depths:1 | Identified the ring "Loemug" {rF+ Int+5 SInv}
 68221 | Depths:2 | Noticed an ancient lich
 68235 | Depths:1 | Killed an ancient lich
 68603 | Depths:2 | Noticed a shard shrike
 68727 | Depths:1 | Killed a shard shrike
 69529 | Depths:2 | Noticed a shard shrike
 69536 | Depths:2 | Killed a shard shrike
 69625 | Depths:2 | Found the ring of the Mage {Wiz Archmagi}
 69637 | Depths:2 | Reached skill level 10 in Invocations
 70514 | Depths:2 | Identified the +6 halberd "Hoosim" {speed, rF+ rC+ SInv}
 70577 | Depths:2 | Noticed a caustic shrike
 71066 | Depths:2 | Found a one-way gate to the infinite horrors of the Abyss.
 71310 | Depths:2 | Killed a caustic shrike
 71884 | Depths:2 | Reached XP level 24. HP: 201/243 MP: 29/29
 71975 | Depths:2 | Identified the +7 halberd of Compassion {pain, rElec Str+6
                  | Int-5 Stlth+}
 72169 | Depths:3 | Found a corrupted altar of Lugonu.
 73161 | Depths:3 | Found a sparkling altar of Nemelex Xobeh.
 73828 | Depths:3 | Found a one-way gateway to a ziggurat.
 73886 | Depths:3 | Found Gowaithri's Jewellery Shop.
 73887 | Depths:3 | Found Gah Kie's Book Emporium.
 73888 | Depths:3 | Found Miekeag's Jewellery Shop.
 73950 | Depths:3 | Noticed Grunn
 74310 | Depths:3 | Killed Grunn
 74707 | Depths:4 | Entered Level 4 of the Depths
 74829 | Depths:4 | Learned a level 4 spell: Passage of Golubria
 75380 | Depths:3 | Reached skill level 27 in Armour
 76291 | Depths:4 | Found a gate to the Realm of Zot.
 77200 | Zot:5    | Identified the of Dekhlots
 77200 | Slime:1  | Entered Level 1 of the Pits of Slime
 77315 | Slime:2  | Reached skill level 1 in Axes
 77474 | Slime:2  | Reached skill level 5 in Spellcasting
 78190 | Slime:1  | Gained mutation: You are vulnerable to cold. (rC-) [a
                  | shining eye]
 78404 | Slime:2  | Reached skill level 15 in Long Blades
 78868 | Slime:5  | Identified the "Mimuh"
 78868 | Slime:5  | Entered Level 5 of the Pits of Slime
 78881 | Slime:5  | Reached XP level 25. HP: 254/254 MP: 30/30
 78939 | Slime:5  | Gained mutation: Your body sometimes deteriorates upon
                  | taking damage. [a shining eye]
 78941 | Slime:5  | Gained mutation: Your body often deteriorates upon taking
                  | damage. [a shining eye]
 78999 | Slime:5  | Noticed the Royal Jelly
 79028 | Slime:5  | Killed the Royal Jelly
 79390 | Slime:5  | Reached skill level 5 in Axes
 80212 | Slime:5  | Found the +8 Vampire's Tooth {megavamp}
 80234 | Slime:5  | Identified the +0 trident of the Vaults {drain, *Corrode
                  | rElec rPois rF+++}
 80363 | Slime:5  | Identified the amulet of the Heavens {rElec rF+ rN+ Regen+
                  | Dex-2}
 80389 | Slime:5  | Got a slimy rune of Zot
 80934 | Slime:4  | Paralysed by a formless jellyfish for 1 turns
 81282 | Slime:3  | Paralysed by a formless jellyfish for 1 turns
 81286 | Slime:3  | Paralysed by a formless jellyfish for 1 turns
 81995 | Zot:1    | Entered Level 1 of the Realm of Zot
 82155 | Zot:1    | Found a runed translucent gate.
 82155 | Zot:1    | Found a runed translucent gate.
 82155 | Zot:1    | Found a runed translucent gate.
 82180 | Zot:1    | Found an opulent altar of Gozag.
 82182 | Zot:1    | Noticed Wukiw's ghost (legendary MiBe)
 82183 | Zot:1    | Found Wouchaic's Assorted Antiques.
 82442 | Zot:1    | Noticed Parghit
 82451 | Zot:1    | Slain by Parghit

Illustrated notes

Levels and vault maps discovered:
D:1:      dpeg_arrival_arbitrary_b, layout_loops_corners
D:2:      layout_rooms, hellmonk_ecumenical_altar_defaced_shrine,
          chequers_serial_rivers_micro_b
D:3:      layout_loops_corners, uniq_grinder, uniq_natasha,
          uniq_crazy_yiuf_cottage
D:4:      layout_gridville
D:5:      layout_rooms, nicolae_ossuary_entry_giza
D:6:      wad_guarded_room, layout_rooms, minmay_temple_entry_fiery,
          uniq_prince_ribbit1, uniq_duvessa
D:7:      layout_loops_ring, feat_on_display
D:8:      layout_basic, enter_bailey_2, nicolae_titane
D:9:      layout_basic, mainiacjoe_overflow_catch_the_wave
D:10:     layout_loops_corners
D:11:     layout_loops_ring, david_lair_shrubbed, special_room
          [special_room_orc], nrook_guardian_serpent_double
D:12:     layout_rooms, erik_orc_1, portal_ice_cave_demonic_guard, uniq_nessos
D:13:     layout_loops_cross, grunt_vaults_entry_fortified, special_room
          [special_room_orc], nicolae_specific_store
D:14:     minmay_expanding_squares, layout_cross, serial_glass, glass_columns_b,
          glass_columns_a, grunt_gozag_statues, uniq_jorgrun, uniq_louise,
          uniq_kirke
D:15:     hangedman_depths_entry_civil_slaughter, layout_basic,
          lemuel_crystal_altar, serial_shops, shop, nicolae_shop_mannequins,
          nicolae_shop_industrial_runoff, shop
Temple:   mainiacjoe_temple_big_plus
Lair:1:   layout_regular_city, infiniplex_staircase_pool, lemuel_fruit_tree,
          uniq_gastronok
Lair:2:   layout_layer_cave, grunt_megastairs_4, serial_bayou_shore_b
Lair:3:   layout_regular_city, elwin_shoals_entry_rocks,
          nicolae_spider_entry_orb_guardian, hellmonk_talismancer
Lair:4:   layout_regular_city
Lair:5:   evil_forest, layout_small_grid, dpeg_slime_entry_enclosed
Shoals:1: layout_shoals, serial_shops, shop
Shoals:2: layout_shoals, nicolae_shoals_hidden_pirate_stash
Shoals:3: layout_shoals, serial_shops, shop, hangedman_shoals_cup_caves,
          uniq_nikola
Shoals:4: shoals_end_grunt_ice, layout_shoals, nicolae_shoals_wave_tunnel,
          uniq_polyphemus
Spider:1: layout_spider_delve, drop_trap
Spider:2: layout_cave_pods, uniq_arachne
Spider:3: nicolae_spider_mines_1, uniq_agnes
Spider:4: spider_rune_water, nicolae_spider_spiderdrome
Slime:1:  layout_caves
Slime:2:  layout_caves
Slime:3:  layout_caves
Slime:4:  layout_caves, basic_altar
Slime:5:  slime_pit_nicolae_trefoil
Orc:1:    layout_caves, gammafunk_ghost_arena, serial_shops, shop,
          kennysheep_orc_chapel, uniq_fannar, uniq_snorg
Orc:2:    st_orc_town, layout_caves, gauntlet_entry_generic,
          guppyfry_orc_lava_fort
Elf:1:    layout_geoelf_octagon, minmay_elf_necromancy, minmay_misc_feat_columns
Elf:2:    elven_hall_of_blades_hangedman_original
          [nicolae_blade_entry_antechamber], layout_gridlike, minivault_14
Elf:3:    elf_hall, layout_onion_city, serial_shops, bzr_entry_safe,
          basic_altar, uniq_aizul, uniq_roxanne
Vaults:1: mu_enter_wizlab_1, nicolae_vaults_circle_grid_b,
          nicolae_vaults_offset_grid_hallway_1, ontoclasm_vaults_shuriken,
          nicolae_vaults_trapezoid_layered, nicolae_vaults_six-pack,
          vaults_mumra_hex, layout_vaults_quadrants
Vaults:2: nicolae_vaults_inception_scallops, nicolae_vaults_weapon_check,
          hangedman_vaults_stretched_pinwheel, blue_anna_dwarven_crypt,
          nicolae_vaults_taking_the_gang_shopping, grunt_vaults_twisty,
          nicolae_vaults_ellipses_ellipsis, vaults_room_stairs_pillars,
          hangedman_vaults_slice, grunt_vaults_funnel,
          nicolae_vaults_tetromino_L_1, v_misc_13,
          nicolae_vaults_ring_of_whatevers, layout_vaults_big_room, uniq_xtahua,
          uniq_jory, uniq_sojobo
Vaults:3: v_alt_pattern_5, nicolae_vaults_quadrants, nicolae_vaults_tangram_2,
          nicolae_vaults_meiosis, hangedman_vaults_capsules,
          nicolae_vaults_asterisk, v_misc_25, vaults_room_grid, v_misc_1,
          nicolae_vaults_windows_and_doors_thing, vaults_dpeg_emergency_exit,
          vaults_room_corners, layout_vaults_maze, serial_shops,
          nicolae_shop_getting_attention, uniq_donald
Vaults:4: v_pattern_3, ontoclasm_vaults_ring_small, vaults_mumra_chevron_long,
          v_rooms_3, nicolae_vaults_hexular_roomagon, nicolae_vaults_network_s,
          nicolae_vaults_little_guard_posts, nicolae_vaults_closet_pinwheel_2,
          vaults_mumra_minichess, vaults_dpeg_diagonal, hangedman_vaults_pinch,
          vaults_dpeg_ring, layout_vaults_ring
Crypt:1:  layout_gridlike, minivault_26, st_stairs_2, corexii_hall_statues_i,
          weyrava_vampire_temple, grunt_crypt_arrival_guarded_gate
Crypt:2:  layout_catacombs, tombwall_bobbens, uniq_margery, uniq_mennas
Crypt:3:  due_elkab, layout_chaotic_city, columned_hall_lemuel, uniq_zenata,
          uniq_khufu
Depths:1: minmay_the_grid_triangle_9x9_recursive_2
          [minmay_the_grid_triangle_9x9_prize_special,
          minmay_the_grid_triangle_9x9_zippers_vertical,
          minmay_the_grid_triangle_9x9_cache,
          minmay_the_grid_triangle_9x9_pentomino_pain], layout_gridlike,
          enter_trove_3, hangedman_geh_valley, nicolae_the_louvre, pan_entry,
          serial_bayou_crossing
Depths:2: hellmonk_hyper_hexagons [hex_subvault_open_curves,
          hex_subvault_dug_out, hex_subvault_rooms, hex_subvault_channel,
          hex_subvault_narrow, hex_subvault_village], pan_entry, hell_entry,
          abyss_entry, serial_shops
Depths:3: nicolae_hitomezashi [nicolae_hito_row, nicolae_hito_row,
          nicolae_hito_row, nicolae_hito_row, nicolae_hito_row,
          nicolae_hito_row, nicolae_hito_row, nicolae_hito_row,
          nicolae_hito_row, nicolae_hito_row, nicolae_hito_row,
          nicolae_hito_row, nicolae_hito_row, nicolae_hito_row,
          nicolae_hito_row, nicolae_hito_row, nicolae_hito_row,
          nicolae_hito_row], layout_small_grid, enter_ziggurat_d,
          nemelex_spade_bored_becter, hell_entry, abyss_entry_flame_altar,
          minmay_shop_grove, uniq_grunn
Depths:4: evilmike_zot_entry_gauntlet, layout_twisted_cross,
          serial_sigils_hangedman_leer, hell_entry
Zot:1:    layout_gridlike, ebering_ghost_gozag, skrybe_zot_glass_3,
          grunt_megastairs_5, uniq_parghit

Skill      XL: |  1  2  3  4  5  6  7  8  9 10 11 12 13 14 15 16 17 18 19 20 21 22 23 24 25 |
---------------+----------------------------------------------------------------------------+-----
Stealth        | 1 |  1.0
Armour         | 1 2 3 5 8 9 11 13 15 16 17 19 21 23 24 26 27 | 27.0
Fighting       | 3 4 5 6 8 10 11 12 13 14 16 17 18 20 22 23 24 25 26 | 26.7
Ranged Weapons | 5 6 7 8 10 13 14 16 19 20 22 23 25 26 27 | 27.0
Dodging        | 3 4 6 7 8 |  8.0
Invocations    | 3 6 8 10 11 | 11.0
Evocations     | 3 |  3.0
Maces & Flails | 2 5 7 |  7.0
Translocations | 3 4 5 6 7 8 |  8.0
Spellcasting   | 3 4 5 |  5.0
Staves         | 2 |  2.2
Long Blades    | 6 10 12 15 16 | 16.1
Axes           | 4 7 |  7.1

Action                     |  1- 3 |  4- 6 |  7- 9 | 10-12 | 13-15 | 16-18 | 19-21 | 22-24 | 25-27 || total
---------------------------+-------+-------+-------+-------+-------+-------+-------+-------+-------++-------
  Melee: Great mace        |       |       |       |       |       |     2 |       |       |       ||     2
         Great sword       |       |       |       |       |       |       |    23 |    45 |       ||    68
         Headbutt          |       |       |       |       |       |       |     6 |    24 |    10 ||    40
         Executioner's axe |       |       |       |       |       |       |       |    44 |    32 ||    76
   Fire: Shortbow          |   131 |   128 |       |       |       |       |       |       |       ||   259
         Hand cannon       |       |     1 |   215 |   280 |       |   298 |       |       |       ||   794
         Sling             |       |       |       |   215 |       |       |       |       |       ||   215
         Arbalest          |       |       |       |    14 |   420 |   129 |   751 |  1223 |    32 ||  2569
         Orcbow            |       |       |       |       |   103 |       |       |       |       ||   103
         Longbow           |       |       |       |       |   796 |  1084 |   671 |   296 |   181 ||  3028
  Throw: Dart              |       |       |     1 |     3 |       |       |       |       |       ||     4
   Cast: Blink             |       |       |       |       |       |       |       |     2 |       ||     2
         Passage of Golubr |       |       |       |       |       |       |       |     4 |       ||     4
 Invoke: Wall of Briars    |       |       |       |       |       |       |     4 |     6 |     1 ||    11
         Grow Ballistomyce |       |       |       |       |       |       |       |     2 |     1 ||     3
         Grow Oklob        |       |       |       |       |       |       |       |       |     1 ||     1
  Evoke: Wand              |     1 |       |       |       |       |       |       |     1 |       ||     2
         Lightning rod     |       |       |       |       |       |       |       |       |     3 ||     3
    Use: Scroll            |       |       |    12 |     9 |    16 |     5 |    22 |    19 |     1 ||    84
         Potion            |       |       |     2 |     1 |     2 |     4 |     3 |    12 |     4 ||    28
   Stab: Distracted        |       |       |       |       |       |       |       |     1 |       ||     1
 Armour: Leather armour    |    38 |    47 |   136 |    77 |   271 |   591 |   162 |       |       ||  1322
         Robe              |       |       |       |    48 |    25 |       |       |   159 |       ||   232
         Plate armour      |       |       |       |       |       |       |  1153 |  1742 |   350 ||  3245
  Dodge: Dodged            |    31 |    36 |   128 |   122 |   225 |   381 |   541 |   875 |   127 ||  2466
  Block: Other             |       |     1 |    41 |    39 |    64 |   124 |   224 |   344 |    49 ||   886
         Reflection        |       |       |       |     6 |     5 |     8 |    35 |     5 |     1 ||    60

Table legend: (Time is in decaauts)
 A = Elapsed time spent in this place.
 B = Non-inter-level travel time spent in this place.
 C = Inter-level travel time spent in this place.
 D = Time resting spent in this place.
 E = Time spent auto-exploring this place.
 F = Levels seen in this place.
 G = Mean time per level.
                   A        B        C        D        E       F      G
               +--------+--------+--------+--------+--------+-----+--------+
         Total |  83933 |  77203 |   6730 |  24072 |  35089 |  57 | 1472.5 |
       Dungeon |  18119 |  15912 |   2207 |   2070 |  10907 |  15 | 1207.9 |
        Temple |     77 |      2 |     75 |      0 |      0 |   1 |   77.0 |
          Lair |   4729 |   3995 |    734 |    261 |   2946 |   5 |  945.8 |
        Shoals |   6524 |   6253 |    271 |   1933 |   2801 |   4 | 1631.0 |
   Spider Nest |   5827 |   5461 |    366 |   1899 |   2537 |   4 | 1456.8 |
    Slime Pits |   4458 |   4074 |    384 |   1597 |   1645 |   5 |  891.6 |
  Orcish Mines |   2483 |   2219 |    264 |    432 |   1100 |   2 | 1241.5 |
   Elven Halls |   7218 |   7005 |    213 |   2517 |   2798 |   3 | 2406.0 |
        Vaults |  10790 |  10038 |    752 |   3190 |   4837 |   4 | 2697.5 |
         Crypt |   7809 |   7220 |    589 |   3176 |   1956 |   3 | 2603.0 |
        Depths |  11314 |  10448 |    866 |   5555 |   2379 |   4 | 2828.5 |
           Zot |    477 |    473 |      4 |    109 |     86 |   1 |  477.0 |
        Bazaar |    208 |    208 |      0 |      0 |    104 |   1 |  208.0 |
       Ossuary |    336 |    336 |      0 |    112 |    149 |   1 |  336.0 |
        Bailey |    505 |    505 |      0 |      0 |    137 |   1 |  505.0 |
      Ice Cave |   1267 |   1267 |      0 |    596 |    323 |   1 | 1267.0 |
        Wizlab |   1123 |   1123 |      0 |    368 |    167 |   1 | 1123.0 |
      Gauntlet |    660 |    660 |      0 |    253 |    215 |   1 |  660.0 |
               +--------+--------+--------+--------+--------+-----+--------+

Top non-repeatable levels by time:
Vaults:1: 4348 daAuts
   Elf:3: 3819 daAuts
Depths:1: 3597 daAuts
Depths:2: 3517 daAuts
 Crypt:2: 3144 daAuts
 Crypt:3: 3034 daAuts
     D:3: 2638 daAuts
Spider:4: 2629 daAuts
Vaults:4: 2569 daAuts
Depths:3: 2309 daAuts
Vaults:2: 2108 daAuts
Shoals:1: 2037 daAuts
   Elf:2: 1971 daAuts
    D:15: 1946 daAuts
Depths:4: 1889 daAuts
